AoeStats
← hirax34

Black Forest

510160820Analyzed
4v4 RM · 22h ago on Sep 29, 2026· 30m 17s· 8 players
Game mode
Random Map
Map size
Large (8 player)
Population
200
Speed
Normal
Resources
Standard
Victory
Conquest
Starting age
Dark Age
Ending age
Imperial Age
RankedLock teamsTeams togetherTeam positionsShared explorationLock speedFull tech treeHidden civsTurbo modeCheats
Victory
Defeat
🇹🇷 Bohemians · Türkiye
1315
+14
1217
+18
🇲🇽 Hindustanis · Mexico
1207
+18
🇨🇭 Cumans · Switzerland
1186
+18
🇳🇱 Mongols · Netherlands
1262
-17
🇩🇪 Khmer · Germany
1258
-17
🇷🇺 Britons · Russia
1254
-17
🇸🇰 Burgundians · Slovakia
1252
-17
.I.
10:23 Feudal Age
14:25 Castle Age
12:36 Double-Bit Axe
13:17 Horse Collar
15:26 Bow Saw
18:38 Loom
20:05 Wheelbarrow
21:50 Hand Cart
22:42 Stone Mining
22:46 Gold Mining
28:32 Imperial Age
27:14 Fletching
27:53 Ballistics
29:13 Bodkin Arrow
29:18 Padded Archer Armor
29:55 Heavy Plow
30:58 Conscription
29:59 Elite Mangudai
fastgg
8:49 Feudal Age
11:53 Castle Age
12:50 Double-Bit Axe
14:11 Loom
Vodilaa
7:19 Double-Bit Axe
11:49 Feudal Age
12:01 Feudal Age
12:35 Feudal Age
15:00 Bow Saw
17:09 Castle Age
14:58 Horse Collar
15:44 Heavy Plow
27:11 Loom
27:49 Scale Barding Armor
27:56 Forging
27:47 Cavalier
DJAKONDA
11:39 Feudal Age
12:13 Double-Bit Axe
12:11 Horse Collar
16:53 Castle Age
21:50 Wheelbarrow
26:46 Imperial Age
24:31 Fletching
26:16 Ballistics
25:55 Bodkin Arrow
27:15 Fortified Wall
27:45 Bracer
28:24 Yeomen
28:49 Padded Archer Armor
29:31 Conscription
Caronte
10:12 Feudal Age
14:41 Castle Age
13:13 Double-Bit Axe
14:20 Horse Collar
15:54 Wheelbarrow
20:27 Heavy Plow
21:58 Hand Cart
22:17 Bow Saw
23:39 Town Watch
24:03 Gold Mining
28:52 Imperial Age
27:22 Scale Mail Armor
27:25 Stone Mining
28:02 Forging
27:55 Loom
28:27 Chain Mail Armor
29:49 Iron Casting
30:41 Chemistry
31:37 Two-Man Saw
31:38 Blast Furnace
[H A R D] core smurf
9:10 Feudal Age
10:10 Double-Bit Axe
10:07 Horse Collar
12:40 Loom
18:37 Wheelbarrow
20:32 Castle Age
19:38 Scale Barding Armor
19:29 Gold Mining
20:52 Forging
21:39 Bow Saw
21:33 Heavy Plow
21:17 Capped Ram
22:47 Bloodlines
21:58 Light Cavalry
25:46 Gold Shaft Mining
26:43 Chain Barding Armor
33:02 Imperial Age
los calzoncillos bien abajo
1:38 Loom
10:38 Feudal Age
14:44 Castle Age
12:38 Double-Bit Axe
13:30 Horse Collar
23:45 Wheelbarrow
22:56 Town Watch
31:02 Imperial Age
hirax34
0:30 Loom
10:23 Feudal Age
15:52 Castle Age
15:29 Double-Bit Axe
25:40 Horse Collar
26:13 Bow Saw
26:48 Heavy Plow
29:16 Fortified Wall
29:57 Wheelbarrow
Connection lost

Rejoining the realm…

Still unreachable

The connection could not be restored.

Session expired

The server has moved on; the page needs a fresh start.